cohdb
Replays
Latest Replays
All Replays
Popular Replays
Top Player Replays
Match Explorer
How It Works
Community
CoH3 Stats
Reddit
Sign in to upload your games and track your stats! →
Sign in with Steam
Match 39963584
Unlisted
Match 39963584
Overview
Messages
Build Orders
End
Construct Section Command Post
Selects Canadian Shock Battlegroup
Vickers Machine Gun Team
Infantry Section
Royal Engineer Section
Selects Offensive Resupply
Selects Canadian Shock Section
Canadian Shock Section
Construct Platoon Command Post
Humber Armored Car
6-pounder Anti-tank Gun Team
Selects Incendiary Munitions
Construct Field Infirmary
Selects Pyrotechnics
Canadian Shock Section
Canadian Shock Section
Selects Churchill Crocodile Heavy Tank
Churchill Crocodile Heavy Tank
6-pounder Anti-tank Gun Team
Selects Point Assault
Infantry Section
Vickers Machine Gun Team
Gayby
Doj
Sauzer88
Makrellen
0
0
Comments
sign in to comment!
No comments posted yet!